Map: Iron Fortress LE

Players

SolO

  • Race: Zerg Zerg
  • Spawn Location: 5:00

AcerBly (Bly) - Winner!

  • Race: Zerg Zerg
  • Spawn Location: 11:00

Event: LycanGTV LotV Beta Tournament 1

VOD

Have the link to the VOD?

Description

Time

  • Played on: April 2, 2015, 2:24 p.m.
  • Length: 11:11

All games in this series

Show
View Real Time Build Order
Export as new Build Order

SolO Zerg 

Build Orders: Hatch First, Ravager All-In 

Get SALT Encoding   

  12  0:02  Drone  
  13  0:10  Drone  
  14  0:17  Overlord  
  14  0:23  Extractor  
  14  0:24  Drone  
  14  0:28  Extractor  
  13  0:29  Drone  
  17  0:35  Drone  
  17  0:45  Drone  
  18  0:58  Hatchery  
  18  1:01  Drone  
  18  1:12  Spawning Pool  
  18  1:16  Drone  
  18  1:19  Drone  
  19  1:29  Drone  
  20  1:39  Overlord  
  20  1:51  Extractor  
  20  1:52  Drone, Extractor  
  19  1:59  Queen  
  21  2:03  Zergling x2  
  22  2:10  Queen  
  22  2:11  Drone x2  
  26  2:21  Roach Warren  
  25  2:23  Drone x2  
  27  2:33  Drone x2  
  29  2:43  Zergling x4  
  31  2:54  Overlord x2  
  31  3:12  Roach x5  
  40  3:13  Roach  
  40  3:19  Roach  
  46  3:27  Roach x2  
  46  3:31  Overlord  
  46  3:34  Ravager  
  49  3:39  Ravager x2  
  51  3:44  Overlord  
  51  3:50  Drone x3  
  51  3:53  Ravager  
  55  3:59  Drone x2  
  55  4:02  Overlord  
  57  4:09  Drone x2  
  59  4:17  Ravager  
  60  4:21  Ravager  
  60  4:22  Drone x3  
  60  4:23  Drone  
  64  4:28  Spore Crawler  
  53  4:39  Drone  
  53  4:40  Drone x6  
  54  4:46  Drone x2  
  54  4:47  Drone  
  54  4:49  Extractor  
  56  4:54  Lair  
  56  4:58  Roach  
  56  4:59  Evolution Chamber  
  57  5:00  Roach  
  57  5:03  Roach  
  57  5:06  Roach  
  63  5:10  Roach  
  63  5:11  Roach  
  67  5:14  Roach  
  67  5:16  Roach  
  67  5:20  Overlord  
  71  5:22  Roach  
  73  5:31  Spore Crawler  
  72  5:36  Roach x2  
  72  5:41  Spore Crawler  
  72  5:42  Roach x2  
  83  5:43  Roach x2  
  79  5:53  Overseer  
  76  5:58  Drone x3  
  76  6:03  Glial Reconstitution  
  77  6:09  Roach x3  
  81  6:14  Drone x4  
  84  6:25  Overlord x2  
  84  6:27  Zerg Missile Weapons Level 1  
  84  6:36  Overlord  
  84  6:42  Hatchery  
  84  6:46  Drone x2  
  85  6:48  Drone  
  85  6:53  Ravager x2  
  88  6:58  Roach x2  
  92  7:02  Roach  
  92  7:06  Drone  
  92  7:07  Drone  
  92  7:08  Drone x3  
  99  7:19  Overlord x2  
  96  7:35  Overlord  
  96  7:43  Roach  
  106  7:44  Roach x5  
  106  7:49  Drone, Overlord  
  107  7:55  Roach x3  
  107  7:56  Roach x4  
  113  8:15  Roach x2  
  113  8:16  Roach x4  
  80  8:41  Roach x4  
  71  8:43  Drone x2  
  71  8:44  Drone x5  
  71  8:46  Queen x2  
  88  8:49  Extractor  
  88  8:51  Queen  
  89  8:58  Roach x2  
  93  9:08  Roach x2  
  93  9:09  Drone  
  99  9:10  Drone x2  
  99  9:16  Roach  
  87  9:26  Roach x3  
  85  9:44  Roach x4  
  76  9:50  Overseer  
  70  9:53  Roach, Zergling x2  
  70  9:58  Roach  
Show
View Real Time Build Order
Export as new Build Order

AcerBly Zerg - Winner!

Build Orders: Hatch First 

Get SALT Encoding   

  12  0:01  Drone  
  13  0:10  Drone  
  14  0:18  Extractor  
  14  0:19  Drone  
  15  0:39  Hatchery  
  14  0:45  Overlord  
  14  0:54  Drone, Extractor  
  14  1:08  Spawning Pool  
  14  1:10  Drone  
  14  1:14  Drone  
  15  1:19  Drone  
  15  1:23  Drone  
  17  1:35  Overlord  
  17  1:44  Drone  
  18  1:54  Queen  
  18  1:55  Zergling x2  
  18  1:56  Zergling x2  
  22  2:11  Queen  
  24  2:18  Drone x2  
  26  2:34  Drone x4  
  30  2:42  Roach Warren  
  29  2:44  Drone  
  29  2:51  Burrow  
  30  2:55  Drone  
  31  3:00  Drone x2  
  31  3:04  Overlord  
  32  3:19  Overlord x2  
  31  3:25  Roach x3  
  31  3:26  Roach x2  
  41  3:29  Roach  
  43  3:35  Overlord  
  43  3:54  Roach x4  
  43  3:55  Roach x2  
  55  4:05  Extractor  
  55  4:06  Roach x2  
  55  4:08  Drone x4, Roach x6  
  62  4:18  Roach x10  
  58  4:36  Roach  
  60  4:42  Overlord  
  60  4:43  Drone x8  
  60  4:45  Overlord  
  68  4:49  Extractor x2  
  66  4:53  Overlord  
  66  4:59  Drone x2  
  68  5:00  Overlord  
  68  5:11  Lair  
  68  5:17  Drone x4  
  68  5:19  Hatchery  
  71  5:23  Roach x3  
  67  5:32  Roach x5  
  67  5:33  Roach x4  
  75  5:37  Roach x3  
  75  5:40  Overlord  
  75  5:48  Roach x3  
  75  5:54  Overlord, Roach  
  75  5:55  Drone x2  
  77  6:01  Roach x3  
  77  6:03  Overlord  
  77  6:07  Evolution Chamber  
  70  6:18  Glial Reconstitution  
  66  6:30  Roach x7  
  66  6:31  Roach x6  
  90  6:34  Zerg Missile Weapons Level 1  
  88  6:51  Roach x6  
  88  6:54  Ravager x5  
  105  7:04  Roach x4  
  113  7:21  Roach x6  
  125  7:23  Overlord  
  125  7:33  Overlord  
  125  7:38  Queen  
  125  7:42  Overseer  
  125  7:43  Overseer  
  127  8:00  Roach x9  
  121  8:30  Roach x12  
  103  8:45  Roach x5  
  103  8:48  Zerg Missile Weapons Level 2  
  102  8:51  Roach x5  
  102  9:06  Drone x2  
  102  9:07  Drone x4, Roach x5  
  102  9:08  Drone x5  
  113  9:14  Overlord  
  113  9:17  Roach x15  
  113  9:23  Roach  
  113  9:24  Roach x4  
  121  9:28  Roach x12  
  119  9:32  Roach x2  
  119  9:33  Roach  
  119  9:37  Roach x2  
  119  9:38  Roach x2  
  123  9:42  Roach x2  
  123  9:43  Roach x2  
  123  9:44  Roach  
  113  9:55  Roach x12  
  133  10:04  Roach x4  

Tags
 
Add a new tag
Caveats
  • Supply blocks, unpowered buildings, or Contaminate may cause inaccurate times.
  • Supply counts are checked every 10 seconds.